 Dungeon Sprint DCSS version 0.31-a0-1-g4198be8af4 (webtiles) character file.

Game seed: 12071666538916010683

611 Darkkill the Fighter (level 7, -7/109 HPs)
             Began as a White Draconian Berserker on May 2, 2023.
             Was a Believer of Trog.
             Mangled by Sonja
             ... wielding a +0 dagger of distortion
              (19 damage)
             ... in the Dungeon (Sprint I: "Red Sonja").
             The game lasted 00:02:20 (632 turns).

Darkkill the Fighter (White Draconian Berserker)     Turns: 632, Time: 00:02:21

Health: -7/109     AC:  9    Str: 20    XL:     7   Next: 20%
Magic:  7/7        EV: 15    Int:  7    God:    Trog [**....]
Gold:   170        SH:  0    Dex: 12    Spells: 6/6 levels left

rFire   . . .        a - +0 falchion
rCold   + . .        (no shield)
rNeg    . . .        (body armour unavailable)
rPois   .            (helmet restricted)
rElec   .            (no cloak)
rCorr   .            h - +2 pair of gloves "Naf Uzya" {-Cast Harm SInv}
SInv    +            (no boots)
Will    .....        (no amulet) Stlth
                     (no ring)
HPRegen 0.38/turn    (no ring)
MPRegen 0.10/turn

%: no teleportation, no spellcasting, harm (+30% outgoing, +20% incoming)
@: berserking, short of breath, very quick
A: breathe frost, AC +6, unfitting armour, cold resistance 1, cold-blooded
a: Breathe Frost, Renounce Religion, Berserk, Trog's Hand


You were in the Dungeon.
You worshipped Trog.
Trog was pleased with you.
You visited 1 branch You collected 426 gold pieces.
You spent 256 gold pieces at shops.

Inventory:

Hand Weapons
 a - a +0 falchion (weapon)
Armour
 h - the +2 pair of gloves "Naf Uzya" (worn) {-Cast Harm SInv}
   (You bought it in a shop in the Dungeon)

   SInv:      It lets you see invisible.
   -Cast:     It prevents spellcasting.
   Harm:      It increases damage dealt and taken.
Wands
 b - a wand of digging (2)
Potions
 c - a potion of cancellation {unknown}
 d - a potion of haste
 e - 2 potions of magic


   Skills:
 + Level 10.5 Fighting
 + Level 9.6 Long Blades
 + Level 8.7 Dodging


You had 6 spell levels left.
You didn't know any spells.
Your spell library was empty.

Dungeon Overview and Level Annotations

Branches:
Dungeon (1/1)

Altars:
Cheibriados
Dithmenos
Elyvilon
Fedhas
Gozag
Hepliaklqana
Kikubaaqudgha
Makhleb
Nemelex Xobeh
Okawaru
Qazlal
Ru
Sif Muna
Trog
Uskayaw
Vehumet
Wu Jian
Xom
Yredelemnul
Zin
The Shining One
Jiyva
Lugonu

Shops:
D [

Annotations:
D Sonja


Innate Abilities, Weirdness & Mutations

You can breathe waves of freezing cold which knock back foes.
Your icy white scales are hard. (AC +6)
You cannot fit into any form of body armour.
Your flesh is cold resistant. (rC+)
You are cold-blooded and may be slowed by cold attacks.


Message History

You barely miss the slime creature.
The slime creature is heavily wounded.
The slime creature closely misses you.
You slash the slime creature! You tail-slap the slime creature.
You punch the slime creature.
The slime creature is severely wounded.
The slime creature closely misses you.
You hit the slime creature but do no damage.
You tail-slap the slime creature.
The slime creature is severely wounded.
The slime creature hits you.
You barely miss the slime creature.
The slime creature is severely wounded.
You barely miss the slime creature.
The slime creature is severely wounded.
The slime creature closely misses you.
You hit the slime creature but do no damage.
The slime creature is severely wounded.
The slime creature completely misses you.
You hit the slime creature.
The slime creature is severely wounded.
The slime creature misses you.
You slash the slime creature!
The slime creature is severely wounded.
The slime creature hits you!
You hit the slime creature.
You tail-slap the slime creature, but do no damage.
Your punch misses the slime creature.
The slime creature is almost dead.
The slime creature hits you.
You slash the slime creature!
The slime creature is almost dead.
The slime creature closely misses you.
You hit the slime creature.
You kill the slime creature!
Trog accepts your kill.
Your Fighting skill increases to level 10!
Your Long Blades skill increases to level 9!
You have reached level 7!
Your scales start taking on an icy white colour.
You learn Fire Magic much slower.
You learn Ice Magic much quicker.
You can breathe waves of freezing cold which knock back foes.
You feel resistant to cold.
You start resting.
HP restored.
You open the door.
Found 108 gold pieces.
There is an open door here.
You now have 89 gold pieces (gained 27).
You now have 116 gold pieces (gained 27).
You now have 143 gold pieces (gained 27).
You now have 170 gold pieces (gained 27).
There is an open door here.
There is an open door, spattered with blood here.
There is an open door here.
There is an ornate altar of the Wu Jian Council here.
There is a radiant altar of Vehumet here.
You open the door.
Sonja, the Graceful Assassin comes into view.
She is wielding a +0 dagger of distortion and quivering curare-tipped darts.
Found 54 gold pieces.
Found 54 gold pieces.
Sonja shouts!
There is an open door here.
Aiming: Breathe Frost (5% risk of failure)
Press: ? - help, Shift-Dir - straight line, f - Sonja
Aim: Sonja, wielding a +0 dagger of distortion and quivering curare-tipped darts (25% to hit)
You exhale a wave of freezing cold.
The freezing breath hits Sonja.
Sonja is lightly wounded.
Sonja is knocked back by the freezing wind.
The freezing breath hits Sonja!
Sonja is severely wounded.
Sonja is knocked back by the freezing wind.
Sonja slams into the closed door!
Okay, then.
Sonja gestures wildly while chanting.
Sonja blinks!
Sonja gestures wildly while chanting.
Sonja blinks!
You barely miss Sonja.
Your tail-slap misses Sonja.
Sonja is severely wounded.
Sonja closely misses you.
Sonja hits you with a +0 dagger of distortion.
Space warps horribly around you!! Sonja hits you but does no damage.
You completely miss Sonja.
Your tail-slap misses Sonja.
Sonja is severely wounded.
Sonja hits you with a +0 dagger of distortion!
Space warps horribly around you!!
* * * LOW HITPOINT WARNING * * *
Sonja closely misses you.
Sonja hits you with a +0 dagger of distortion.
* * * LOW HITPOINT WARNING * * *
A red film seems to cover your vision as you go berserk!
You feel yourself moving faster!
You feel mighty!
Sonja hits you but does no damage. x2; Space warps around you.
* * * LOW HITPOINT WARNING * * *
Sonja closely misses you.
Sonja hits you with a +0 dagger of distortion.
* * * LOW HITPOINT WARNING * * *
Space warps horribly around you!
You die...

#..#####'#####'#__####
#..####..#...#.####
#..#__####..##.#
#..#_____##'#_.+
#⌠⌠#_.∩...'..._#
####_..__##_.#'#
#_____###'#.#
#########.###


+$@$+ #$K$# ##.## #+# You could see Sonja.

Vanquished Creatures
  A slime creature (D)
  Sigmund (D)
  A yak (D)
  An ogre (D)
  A jelly (D)
  Ijyb (D)
6 creatures vanquished.

Notes
Turn   | Place    | Note
-------+----------+-------------------------------------------
     0 | D        | Darkkill the Draconian Berserker began the quest for the
                  | Orb.
     0 | D        | Reached XP level 1. HP: 19/19 MP: 1/1
     2 | D        | Noticed Ijyb
    15 | D        | Killed Ijyb
    16 | D        | Reached skill level 4 in Fighting
    16 | D        | Reached XP level 2. HP: 23/28 MP: 2/2
    20 | D        | Noticed an ogre
    23 | D        | HP: 2/28 [ogre/+0 giant club (20)]
    28 | D        | Killed an ogre
    29 | D        | Reached skill level 6 in Fighting
    29 | D        | Reached skill level 5 in Dodging
    29 | D        | Reached XP level 3. HP: 38/38 MP: 3/3
    29 | D        | Reached XP level 4. HP: 45/45 MP: 4/4
    78 | D        | Noticed Sigmund
    92 | D        | Killed Sigmund
    92 | D        | Reached ** piety under Trog
    93 | D        | Reached skill level 8 in Fighting
    93 | D        | Reached XP level 5. HP: 26/56 MP: 5/5
   210 | D        | Found an ornate altar of the Wu Jian Council.
   210 | D        | Found a shimmering blue altar of Sif Muna.
   212 | D        | Found a radiant altar of Vehumet.
   223 | D        | Reached XP level 6. HP: 48/62 MP: 6/6
   272 | D        | Found Zehej's Antique Armour Emporium.
   272 | D        | Found an ancient bone altar of Kikubaaqudgha.
   272 | D        | Found a hazy altar of Hepliaklqana.
   272 | D        | Found a stormy altar of Qazlal.
   272 | D        | Found a hide-covered altar of Uskayaw.
   272 | D        | Found a blossoming altar of Fedhas.
   272 | D        | Found a bloodstained altar of Trog.
   272 | D        | Found an iron altar of Okawaru.
   272 | D        | Found a basalt altar of Yredelemnul.
   272 | D        | Found a glowing golden altar of the Shining One.
   272 | D        | Found a snail-covered altar of Cheibriados.
   272 | D        | Found a sacrificial altar of Ru.
   272 | D        | Found a glowing silver altar of Zin.
   272 | D        | Found a shadowy altar of Dithmenos.
   272 | D        | Found a white marble altar of Elyvilon.
   272 | D        | Noticed a yak
   277 | D        | Killed a yak
   278 | D        | Reached skill level 9 in Fighting
   278 | D        | Found an opulent altar of Gozag.
   279 | D        | Found a sparkling altar of Nemelex Xobeh.
   424 | D        | Bought a pair of distressingly furry gloves for 256 gold
                  | pieces
   424 | D        | Identified the +2 pair of gloves "Naf Uzya" {-Cast Harm
                  | SInv} (You bought it in a shop in the Dungeon)
   449 | D        | Found a burning altar of Makhleb.
   449 | D        | Found a viscous altar of Jiyva.
   449 | D        | Found a shimmering altar of Xom.
   449 | D        | Found a corrupted altar of Lugonu.
   449 | D        | Noticed a slime creature
   465 | D        | Killed a slime creature
   466 | D        | Reached skill level 10 in Fighting
   466 | D        | Your scales start taking on an icy white colour.
   466 | D        | Reached XP level 7. HP: 31/73 MP: 7/7
   466 | D        | Gained mutation: Your flesh is cold resistant. (rC+) [White
                  | Draconian growth]
   624 | D        | Noticed Sonja
   631 | D        | HP: 14/73 [Sonja/+0 dagger of distortion (21)]
   632 | D        | Mangled by Sonja

Illustrated notes

Levels and vault maps discovered:
D:        dungeon_sprint_1 [red_sonja_temple_1, red_sonja_temple_small_1]

Skill      XL: |  1  2  3  4  5  6 |
---------------+-------------------+-----
Fighting       | 4 6 8 10 | 10.5
Long Blades    | 4 6 7 8 9 |  9.6
Dodging        | 4 5 7 8 |  8.7

Action                     |  1- 3 |  4- 6 |  7- 9 || total
---------------------------+-------+-------+-------++-------
  Melee: Falchion          |    14 |    33 |     2 ||    49
         Tailslap          |     4 |     5 |       ||     9
         Punch             |       |     1 |       ||     1
 Invoke: Berserk           |     1 |     1 |       ||     2
Ability: Breathe Frost     |       |       |     1 ||     1
    Use: Potion            |     2 |       |     1 ||     3
         Scroll            |     1 |       |       ||     1
 Armour: Skin              |     1 |     2 |     3 ||     6
  Dodge: Dodged            |     4 |    14 |     3 ||    21

Table legend: (Time is in decaauts)
 A = Elapsed time spent in this place.
 B = Non-inter-level travel time spent in this place.
 C = Inter-level travel time spent in this place.
 D = Time resting spent in this place.
 E = Time spent auto-exploring this place.
 F = Levels seen in this place.
 G = Mean time per level.
                   A        B        C        D        E       F      G
               +--------+--------+--------+--------+--------+-----+--------+
         Total |    655 |    655 |      0 |    452 |      0 |   1 |  655.0 |
       Dungeon |    655 |    655 |      0 |    452 |      0 |   1 |  655.0 |
               +--------+--------+--------+--------+--------+-----+--------+

Top non-repeatable levels by time:
       D: 655 daAuts

Levels and vault maps discovered:
D:        dungeon_sprint_1 [red_sonja_temple_1, red_sonja_temple_small_1]

Table legend: (Time is in decaauts)
 A = Elapsed time spent in this place.
 B = Non-inter-level travel time spent in this place.
 C = Inter-level travel time spent in this place.
 D = Time resting spent in this place.
 E = Time spent auto-exploring this place.
 F = Levels seen in this place.
 G = Mean time per level.
                   A        B        C        D        E       F      G
               +--------+--------+--------+--------+--------+-----+--------+
         Total |    655 |    655 |      0 |    452 |      0 |   1 |  655.0 |
       Dungeon |    655 |    655 |      0 |    452 |      0 |   1 |  655.0 |
               +--------+--------+--------+--------+--------+-----+--------+

Top non-repeatable levels by time:
       D: 655 daAuts

Table legend:
 A = Kills in this place as a percentage of kills in the entire game.
 B = Kills by you in this place as a percentage of kills by you in the entire game.
 C = Kills by friends in this place as a percentage of kills by friends in the entire game.
 D = Other kills in this place as a percentage of other kills in the entire game.
 E = Experience gained in this place as a percentage of experience gained in the entire game.
 F = Experience gained in this place divided by the number of levels of this place that you have seen.
                   A       B       C       D       E      F
               +-------+-------+-------+-------+-------+----------------------
         Total | 100.0 | 100.0 |   N/A |   N/A | 100.0 | 874.0
       Dungeon | 100.0 | 100.0 |   N/A |   N/A | 100.0 | 874.0
               +-------+-------+-------+-------+-------+----------------------
